 Dungeon Crawl Stone Soup version 0.27-a0-1219-g958d993ae5 (webtiles) character file.

Game seed: 16873109671637902601

2 polve the Skirmisher (level 1, -1/18 HPs)
             Began as a Demonspawn Abyssal Knight on June 6, 2021.
             Was an Initiate of Lugonu.
             Slain by an endoplasm (2 damage)
             ... on level 1 of the Dungeon.
             The game lasted 00:00:30 (240 turns).

polve the Skirmisher (Demonspawn Abyssal Knight)     Turns: 240, Time: 00:00:31

Health: -1/18      AC:  3    Str: 12    XL:     1   Next: 33%
Magic:  2/2        EV: 11    Int: 13    God:    Lugonu [......]
Gold:   13         SH:  0    Dex: 12    Spells: 0/0 levels left

rFire    . . .     SeeInvis .   a - +1 short sword
rCold    . . .     Faith    .   (no shield)
rNeg     . . .     Spirit   .   b - +0 leather armour
rPois    +         Reflect  .   (no helmet)
rElec    .         Harm     .   (no cloak)
rCorr    .         Rampage  .   (no gloves)
Will     .....                  (no boots)
Stlth    +.........             (no amulet)
HPRegen  0.06/turn              c - ring of poison resistance
MPRegen  0.08/turn              (no ring)

@: no status effects
A: no striking features
a: Renounce Religion


You were on level 1 of the Dungeon.
You worshipped Lugonu.
Lugonu was noncommittal.
You visited 1 branch of the dungeon, and saw 1 of its levels.
You visited the Abyss 1 time.

You collected 13 gold pieces.

Inventory:

Hand Weapons
 a - a +1 short sword (weapon)
Armour
 b - a +0 leather armour (worn)
Jewellery
 c - a ring of poison resistance (left hand)
Wands
 e - a wand of flame (15)
Scrolls
 d - 3 scrolls of fear {unknown}


   Skills:
 - Level 3.0 Fighting
 + Level 2.0 Short Blades
 - Level 1.7 Armour
 - Level 0.8 Dodging
 - Level 2.4 Invocations


You couldn't memorise any spells.
You didn't know any spells.
Your spell library was empty.

Dungeon Overview and Level Annotations

Branches:
Dungeon (1/15)

Altars:


Message History

The kobold throws a stone.
The stone barely misses you.
Found 8 gold pieces.
The endoplasm freezes you.
You are frozen.
Found a scroll labelled LITWUY NEXU.
You puncture the endoplasm!
You kill the endoplasm!
Lugonu accepts your kill.
The kobold throws a stone.
The stone closely misses you.
Your Short Blades skill increases to level 2!
The kobold throws a stone.
The stone hits you.
A giant cockroach comes into view.
A frilled lizard comes into view.
The frilled lizard hisses angrily.
Found a stone staircase leading down.
You closely miss the kobold. The kobold completely misses you.
You hit the kobold but do no damage. The kobold completely misses you.
The giant cockroach bites you.
* * * LOW HITPOINT WARNING * * *
You closely miss the giant cockroach. The giant cockroach bites you.
* * * LOW HITPOINT WARNING * * *
You barely miss the giant cockroach. The giant cockroach bites you.
* * * LOW HITPOINT WARNING * * *
You hit the giant cockroach.
The giant cockroach is heavily wounded.
The giant cockroach closely misses you. The giant cockroach bites you.
* * * LOW HITPOINT WARNING * * *
You closely miss the giant cockroach.
The giant cockroach is heavily wounded.
An endoplasm comes into view.
The giant cockroach closely misses you.
You hit the giant cockroach.
The giant cockroach is almost dead.
The giant cockroach closely misses you.
You barely miss the giant cockroach.
The giant cockroach is almost dead.
The giant cockroach misses you. The giant cockroach misses you.
The endoplasm hits you.
You die...

####
################.....
..........##..J.......
#..........#.B.@.......
#.......?..#K##.#......
#..........#l#$?#......
#........!...#.##......
#..................##..
+.................># .
#....................
#....................
#..........##+##....


You could see an endoplasm, a giant cockroach, a kobold and a frilled lizard.

Vanquished Creatures
  2 endoplasms (D:1)
2 creatures vanquished.

Notes
Turn   | Place    | Note
-------+----------+-------------------------------------------
     0 | Abyss:1  | polve the Demonspawn Abyssal Knight began the quest for the
                  | Orb.
     0 | Abyss:1  | Reached XP level 1. HP: 18/18 MP: 2/2
     8 | Abyss:1  | Found a corrupted altar of Lugonu.
   124 | Abyss:2  | Found a sparkling altar of Nemelex Xobeh.
   133 | Abyss:2  | Found a corrupted altar of Lugonu.
   144 | Abyss:2  | Noticed a thrashing horror
   145 | D:1      | Escaped the Abyss
   240 | D:1      | Slain by an endoplasm

Illustrated notes

Levels and vault maps discovered:
D:1:      dpeg_arrival_three_bigger_balls, layout_basic,
          hellmonk_ecumenical_altar_inner_sanctum, grunt_decor_one_mirror,
          serial_bayou_pond_c, minmay_tetromino_l2

Skill      XL: |  1 |
---------------+----+-----
Short Blades   | 2 |  2.0
Fighting       | |  3.0
Armour         | |  1.7
Dodging        | |  0.8
Invocations    | |  2.4

Action                   || total
-------------------------++-------
Melee: Short sword       ||    11
Invok: Depart the Abyss  ||     1
  Use: Scroll            ||     1
Dodge: Dodged            ||     9

Table legend: (Time is in decaauts)
 A = Elapsed time spent in this place.
 B = Non-inter-level travel time spent in this place.
 C = Inter-level travel time spent in this place.
 D = Time resting spent in this place.
 E = Time spent auto-exploring this place.
 F = Levels seen in this place.
 G = Mean time per level.
                   A        B        C        D        E       F      G
               +--------+--------+--------+--------+--------+-----+--------+
         Total |    240 |    240 |      0 |      0 |    203 |   3 |   80.0 |
       Dungeon |     94 |     94 |      0 |      0 |     65 |   1 |   94.0 |
         Abyss |    145 |    145 |      0 |      0 |    138 |   2 |   72.5 |
               +--------+--------+--------+--------+--------+-----+--------+

Top non-repeatable levels by time:
     D:1: 94 daAuts
 Abyss:1: 92 daAuts
 Abyss:2: 53 daAuts
